 Dungeon Crawl Stone Soup version 0.29-a0-330-g52719c12eb (webtiles) character file.

Game seed: 5987348046910967199

1240 HoaS the Quickloader (level 8, -1/51 HPs)
             Began as a Kobold Hunter on May 20, 2022.
             Slain by a kobold
             ... wielding a +0 club
              (3 damage)
             ... on level 7 of the Dungeon.
             The game lasted 00:13:12 (6896 turns).

HoaS the Quickloader (Kobold Hunter)                Turns: 6896, Time: 00:13:12

Health: -1/51      AC:  8    Str:  8    XL:     8   Next: 78%
Magic:  8/8        EV: 14    Int: 10    God:
Gold:   317        SH:  0    Dex: 21    Spells: 7/7 levels left

rFire   . . .      SeeInvis .   j - +0 arbalest
rCold   . . .      Faith    .   (shield currently unavailable)
rNeg    . . .      Spirit   .   m - +0 ring mail
rPois   .          Reflect  .   i - +0 helmet
rElec   .          Harm     .   h - +0 cloak
rCorr   .          Rampage  .   (no gloves)
Will    .....                   f - +0 pair of boots
Stlth   +++.......              (no amulet)
HPRegen 0.17/turn               (no ring)
MPRegen 0.11/turn               (no ring)

@: mighty, hasted, very quick
A: small, no large weapons, nightstalker 3
a: no special abilities


You were on level 7 of the Dungeon.
You visited 1 branch of the dungeon, and saw 7 of its levels.

You collected 371 gold pieces.
You spent 54 gold pieces at shops.

Inventory:

Hand Weapons
 j - a +0 arbalest (weapon)
Missiles
 p - a throwing net
Armour
 f - a +0 pair of boots (worn)
 h - a +0 cloak (worn)
 i - a +0 helmet (worn)
 m - a +0 ring mail (worn)
Jewellery
 d - a ring of fire
Scrolls
 c - a scroll of immolation
Potions
 b - a potion of curing
 e - a potion of cancellation
 g - a potion of lignification
 k - a potion of berserk rage
 l - a potion of might


   Skills:
 - Level 5.7 Fighting
 + Level 10.7 Crossbows
 - Level 2.5 Armour
 - Level 4.7 Dodging
 - Level 1.3 Stealth


You had 7 spell levels left.
You didn't know any spells.
Your spell library contained the following spells:

 Spells                   Type           Power      Damage    Failure   Level
 Animate Skeleton         Necr           0%         N/A       73%         1
 Pain                     Necr           0%         1d4       73%         1
 Shock                    Conj/Air       0%         1d3       73%         1
 Blink                    Tloc           0%         N/A       86%         2
 Sublimation of Blood     Necr           0%         N/A       86%         2
 Wereblood                Tmut           0%         N/A       86%         2
 Lesser Beckoning         Tloc           0%         N/A       97%         3
 Swiftness                Air            0%         N/A       97%         3
 Tukima's Dance           Hex            0%         N/A       97%         3
 Vampiric Draining        Necr           0%         2d6       97%         3
 Airstrike                Air            0%         N/A       100%        4
 Anguish                  Hex/Necr       0%         N/A       100%        4
 Manifold Assault         Tloc           0%         N/A       100%        5
 Enfeeble                 Hex            0%         N/A       100%        7
 Summon Hydra             Summ           0%         N/A       100%        7


Dungeon Overview and Level Annotations

Branches:
Dungeon (7/15)
 Temple: D:4-7

Altars:
Gozag
Wu Jian
Zin
The Shining One

Shops:
D:5 =   D:6 ((

Annotations:
D:4 Pikel


Innate Abilities, Weirdness & Mutations

You are small and have problems with some larger weapons.
You are completely attuned to the shadows.


Message History

Shoot: j) +0 arbalest
Press: ? - help, Q - select action, (/) - cycle Shift-Dir - straight line, f/p - kobold brigand
Aim: a kobold brigand, wielding a +0 whip, quivering poisoned darts and carrying a wand of iceblast (6) (severely wounded, 61% to hit)
You shoot a bolt.
The bolt barely misses the kobold brigand.
The bolt hits the kobold!!
You kill the kobold!
* * * LOW HITPOINT WARNING * * *
You feel very sick.
The kobold brigand hits you with a +0 whip.
* * * LOW HITPOINT WARNING * * *
The kobold brigand hits you with a +0 whip.
* * * LOW HITPOINT WARNING * * *
Okay, then.
You feel better.
A kobold comes into view. It is wielding a +0 dagger.
The kobold brigand barely misses you.
Shoot: j) +0 arbalest
Press: ? - help, Q - select action, (/) - cycle Shift-Dir - straight line, f/p - kobold brigand
Aim: a kobold brigand, wielding a +0 whip, quivering poisoned darts and carrying a wand of iceblast (6) (severely wounded, 61% to hit)
You shoot a bolt.
The bolt barely misses the kobold brigand.
A bullfrog comes into view.
The kobold misses you.
The kobold brigand hits you with a +0 whip!
* * * LOW HITPOINT WARNING * * *
Shoot: j) +0 arbalest
Press: ? - help, Q - select action, (/) - cycle Shift-Dir - straight line, f/p - kobold brigand
Aim: a kobold brigand, wielding a +0 whip, quivering poisoned darts and carrying a wand of iceblast (6) (severely wounded, 61% to hit)
You shoot a bolt. The bolt hits the kobold brigand!
You kill the kobold brigand!
The kobold hits you but does no damage.
The kobold throws a stone.
The stone hits you but does no damage. The kobold hits you but does no damage.
A black bear comes into view.
You feel very mighty all of a sudden. The kobold closely misses you.
You feel yourself speed up. The bullfrog hits you.
* * * LOW HITPOINT WARNING * * *
The kobold hits you with a +0 club.
You die...

### ###
###.##########.#
....#..........#
###.#.########.#...#
...<..# #.#...#
####### #.#...#
#.#...# #.#@F.#
####.##K.#
...h...K##
####.#.)..+ #.#...##
#.#.)... #.#.#.##


You could see a bullfrog and 2 kobolds.

Vanquished Creatures
  Grinder (D:6)
  A sky beast (D:5)
  An ice beast (D:5)
  A black bear (D:7)
  4 lemures
  A kobold brigand (D:7)
  Blork the orc (D:6)
  A bullfrog (D:4)
  A necrophage (D:6)
  A scorpion (D:5)
  3 wights (D:6)
  An orc priest (D:6)
  An iguana (D:5)
  Natasha (twice) (D:3)
  3 gnolls (D:6)
  4 adders
  A shadow imp (D:6)
  An ufetubus (D:6)
  3 worms
  4 dart slugs
  12 orcs
  3 bats
  7 endoplasms
  3 giant cockroaches
  2 goblins (D:4)
  5 hobgoblins
  4 jackals
  4 kobolds
  A quokka (D:1)
  3 training dummies (D:6)
  5 ball pythons
  2 frilled lizards
  A quokka zombie (D:6)
  5 rats
  A rat zombie (D:6)
94 creatures vanquished.

Notes
Turn   | Place    | Note
-------+----------+-------------------------------------------
     0 | D:1      | HoaS the Kobold Hunter began the quest for the Orb.
     0 | D:1      | Reached XP level 1. HP: 12/12 MP: 1/1
   292 | D:1      | Reached XP level 2. HP: 17/17 MP: 2/2
   494 | D:1      | Reached skill level 6 in Crossbows
   587 | D:1      | Found a faded altar of an unknown god.
  1288 | D:2      | Reached XP level 3. HP: 15/21 MP: 3/3
  1518 | D:2      | You fall into a shaft and drop 1 floor!
  2444 | D:3      | Reached skill level 7 in Crossbows
  2444 | D:3      | Reached XP level 4. HP: 26/26 MP: 4/4
  2536 | D:3      | Noticed Natasha
  2537 | D:3      | Killed Natasha
  2570 | D:3      | Noticed Natasha
  2577 | D:3      | Killed Natasha
  2578 | D:3      | Reached skill level 8 in Crossbows
  2578 | D:3      | Reached XP level 5. HP: 21/30 MP: 5/5
  2765 | D:3      | Found an ornate altar of the Wu Jian Council.
  3168 | D:4      | Noticed a lemure
  3173 | D:4      | Noticed a lemure
  3198 | D:3      | Killed a lemure
  3202 | D:3      | Killed a lemure
  3475 | D:4      | Noticed a lemure
  3477 | D:4      | Noticed a lemure
  3510 | D:3      | HP: 1/30 [lemure[Pikel] (2)]
  3513 | D:3      | Killed a lemure
  3803 | D:4      | Noticed Pikel
  3860 | D:4      | Noticed a bullfrog
  3868 | D:4      | Killed a bullfrog
  3869 | D:4      | Reached skill level 9 in Crossbows
  3869 | D:4      | Reached XP level 6. HP: 27/35 MP: 6/6
  4206 | D:5      | Entered Level 5 of the Dungeon
  4208 | D:5      | Found an opulent altar of Gozag.
  4301 | D:5      | Noticed an ice beast
  4306 | D:5      | Killed an ice beast
  4468 | D:5      | Noticed a black bear
  4740 | D:5      | Reached skill level 10 in Crossbows
  4740 | D:5      | Reached XP level 7. HP: 35/40 MP: 7/7
  5066 | D:5      | Reached skill level 1 in Armour
  5347 | D:5      | Found Rithrine's Jewellery Emporium.
  5789 | D:5      | Found a glowing golden altar of the Shining One.
  5984 | D:6      | Found Ycetutri's Weapon Boutique.
  6015 | D:6      | Found Riekkog's Firing Range.
  6015 | D:6      | Noticed Grinder
  6020 | D:6      | Killed Grinder
  6021 | D:6      | Reached XP level 8. HP: 48/48 MP: 8/8
  6029 | D:6      | Bought a +0 arbalest for 54 gold pieces
  6222 | D:6      | Found a glowing silver altar of Zin.
  6374 | D:6      | Reached skill level 5 in Fighting
  6576 | D:6      | Noticed Blork the orc
  6579 | D:6      | Killed Blork the orc
  6896 | D:7      | HP: 2/51 [bullfrog (6)]
  6896 | D:7      | Slain by a kobold

Illustrated notes

Levels and vault maps discovered:
D:1:      dreamdust_arrival_beginning_and_end, layout_loops_ring,
          chequers_ecumenical_altar_grove
D:2:      layout_basic
D:3:      minmay_diamond_boxcup, layout_basic,
          mainiacjoe_overflow_small_starburst, uniq_natasha
D:4:      nicolae_BIG_FREAKIN_CUBE, layout_cave_pools,
          minmay_temple_entry_junction_2, uniq_menkaure, uniq_pikel
D:5:      layout_layer_cave, nicolae_gozag_cash_rules_everything_around_me,
          kennysheep_little_box, serial_shops, shop
D:6:      layout_loops_ring, nicolae_overflow_hidden_temple, enter_ossuary_4,
          serial_shops, nicolae_shop_behind_doors, nicolae_shop_firing_range,
          uniq_grinder, uniq_blork_the_orc
D:7:      layout_basic, elyvilon_altar_5, serial_shops, nicolae_shop_trees,
          uniq_duvessa

Skill      XL: |  1  2  3  4  5  6  7  8 |
---------------+-------------------------+-----
Crossbows      | 6 7 8 9 10 | 10.7
Fighting       | 4 5 |  5.7
Armour         | 1 2 |  2.5
Dodging        | 4 |  4.7
Stealth        | |  1.3

Action                   |  1- 3 |  4- 6 |  7- 9 || total
-------------------------+-------+-------+-------++-------
 Fire: Hand crossbow     |    78 |   124 |    36 ||   238
       Arbalest          |       |       |    62 ||    62
  Use: Scroll            |     9 |     1 |     6 ||    16
       Potion            |       |     1 |     3 ||     4
Armor: Leather armour    |     8 |       |       ||     8
       Ring mail         |     4 |    27 |    18 ||    49
Dodge: Dodged            |    31 |    83 |    33 ||   147

Table legend: (Time is in decaauts)
 A = Elapsed time spent in this place.
 B = Non-inter-level travel time spent in this place.
 C = Inter-level travel time spent in this place.
 D = Time resting spent in this place.
 E = Time spent auto-exploring this place.
 F = Levels seen in this place.
 G = Mean time per level.
                   A        B        C        D        E       F      G
               +--------+--------+--------+--------+--------+-----+--------+
         Total |   7000 |   6716 |    284 |   1688 |   4195 |   7 | 1000.0 |
       Dungeon |   7000 |   6716 |    284 |   1688 |   4195 |   7 | 1000.0 |
               +--------+--------+--------+--------+--------+-----+--------+

Top non-repeatable levels by time:
     D:5: 1678 daAuts
     D:3: 1577 daAuts
     D:1: 1224 daAuts
     D:2: 978 daAuts
     D:6: 937 daAuts
     D:4: 496 daAuts
     D:7: 107 daAuts
